 Dungeon Crawl Stone Soup version 0.30-a0-297-g0ec75d9ef4 (webtiles) character file.

Game seed: 6984520669722439216

2028 GreatBamboolord the Slicer (level 9, -5/52 (54) HPs)
             Began as a Kobold Gladiator on Oct 18, 2022.
             Slain by a two-headed ogre
             ... wielding a +0 giant club
              (23 damage)
             ... on level 7 of the Dungeon.
             The game lasted 00:11:22 (6820 turns).

GreatBamboolord the Slicer (Kobold Gladiator)       Turns: 6820, Time: 00:11:23

HP:   -5/52 (54)    AC:  7    Str: 12    XL:     9   Next: 47%
MP:   9/9           EV: 18    Int:  9    God:
Gold: 397           SH:  0    Dex: 20    Spells: 8/8 levels left

rFire   + . .      SeeInvis .    a - +1 rapier
rCold   . . .      Faith    .    (no shield)
rNeg    . . .      Spirit   .    m - +2 leather armour {rF+}
rPois   .          Reflect  .    c - +0 helmet
rElec   .          Harm     .    (no cloak)
rCorr   .          Rampage  .    o - +0 pair of gloves
Will    .....                    (no boots)
Stlth   +++++.....               (no amulet)
HPRegen 0.28/turn                (no ring)
MPRegen 0.11/turn                (no ring)

@: lightly drained
A: small, no large weapons, nightstalker 3
a: no special abilities


You were on level 7 of the Dungeon.
You visited 2 branches of the dungeon, and saw 8 of its levels.

You collected 397 gold pieces.

Inventory:

Hand Weapons
 a - a +1 rapier (weapon)
 b - a +2 dagger of holy wrath
Missiles
 d - 3 throwing nets (quivered)
 e - 10 boomerangs
Armour
 c - a +0 helmet (worn)
 m - a +2 leather armour of fire resistance (worn)
 o - a +0 pair of gloves (worn)
 x - a +0 buckler
Jewellery
 z - a ring of resist corrosion
Wands
 f - a wand of mindburst (10)
 l - a wand of polymorph (7)
 r - a wand of paralysis (3)
 t - a wand of light (2)
Scrolls
 g - a scroll of brand weapon {unknown}
 q - a scroll of enchant armour {unknown}
 s - 2 scrolls of teleportation
 w - a scroll of identify
 y - a scroll of vulnerability {unknown}
Potions
 h - 2 potions of degeneration
 i - 2 potions of brilliance
 j - 2 potions of might {unknown}
 k - 2 potions of cancellation {unknown}
 n - a potion of heal wounds {unknown}
 p - 3 potions of lignification {unknown}
 u - a potion of ambrosia {unknown}
 v - a potion of resistance {unknown}
 A - a potion of haste {unknown}


   Skills:
 * Level 5.0 Fighting
 * Level 10.4 Short Blades
 - Level 2.1 Throwing
 + Level 2.6 Armour
 * Level 7.0 Dodging
 + Level 6.9 Stealth
 * Level 2.2 Evocations


You had 8 spell levels left.
You didn't know any spells.
Your spell library contained the following spells:

 Spells                   Type           Power      Damage    Failure   Level
 Apportation              Tloc           0%         N/A       45%         1
 Necrotise                Necr           0%         1d4       45%         1
 Summon Small Mammal      Summ           0%         N/A       45%         1


Dungeon Overview and Level Annotations

Branches:
Dungeon (7/15)             Temple (1/1) D:5

Altars:
Ashenzari
Cheibriados
Elyvilon
Fedhas
Kikubaaqudgha
Makhleb
Okawaru
Qazlal
Sif Muna
Vehumet
Wu Jian
Xom
The Shining One

Annotations:
D:7 Joseph


Innate Abilities, Weirdness & Mutations

You are small and have problems with some larger weapons.
You are completely attuned to the shadows.


Message History

A two-headed ogre comes into view. It is wielding two +0 giant clubs.
The two-headed ogre shouts in stereo!
There is a stone staircase leading up here.
You climb upwards.
There is a stone staircase leading down here.
You start resting.
HP restored.
You climb downwards.
Level annotation: Joseph The two-headed ogre completely misses you.
The two-headed ogre hits you with a +0 giant club!
There is a stone staircase leading up here.
Unknown command.
Unknown command.
You puncture the two-headed ogre!
The two-headed ogre is lightly wounded.
You hit the two-headed ogre.
The two-headed ogre is moderately wounded.
The two-headed ogre closely misses you. The two-headed ogre barely misses you.
You hit the two-headed ogre.
The two-headed ogre is moderately wounded.
You hit the two-headed ogre.
The two-headed ogre is heavily wounded.
The two-headed ogre closely misses you.
The two-headed ogre hits you with a +0 giant club!
You hit the two-headed ogre.
The two-headed ogre is heavily wounded.
You puncture the two-headed ogre!
The two-headed ogre is severely wounded.
The two-headed ogre completely misses you.
The two-headed ogre hits you with a +0 giant club!!
You hear a shout!
You hit the two-headed ogre but do no damage.
The two-headed ogre is severely wounded.
You hear a shout!
A gnoll comes into view. It is wielding a +0 whip.
The two-headed ogre attacks as you move away!
The two-headed ogre completely misses you.
The two-headed ogre hits you with a +0 giant club!!
You die...

.#..#....†......#........#
.##.##........###.##'.....
..z..+......_.......'.....
###.##........###.###.....
#........#### #.###.....
###......######.........
####'###......)..........
#..................g..[..
...
#.........[.)..@O..#.....
...
#................#.#.....
.{
#................#.######
### #
#.......##########.#...#
#.. # #.......#
###.....#####.###
#.......#
#...........#.o..
#########
#....#......#<#..
###.....#...#..>...
#.......##..###.#.#


You could see a two-headed ogre and a gnoll.

Vanquished Creatures
  Grinder (D:5)
  Menkaure (D:5)
  Edmund (D:6)
  2 water moccasins (D:7)
  A black bear (D:6)
  2 centaurs
  A phantom (D:6)
  A kobold brigand (D:6)
  3 scorpions
  A necrophage (D:7)
  3 wights (D:7)
  A howler monkey (D:6)
  A jelly (D:6)
  5 hounds
  3 iguanas
  Ijyb (D:3)
  A mummy (D:5)
  7 gnolls
  8 adders
  A white imp (D:6)
  2 ufetubi (D:5)
  A worm (D:3)
  2 dart slugs (D:1)
  15 orcs
  3 endoplasms
  3 giant cockroaches
  4 hobgoblins
  9 jackals
  9 quokkas
  7 ball pythons
  3 bats
  3 frilled lizards
  10 goblins
  13 kobolds
  6 rats
135 creatures vanquished.

Vanquished Creatures (others)
  An iguana (D:7)
  An orc (D:7)
  A plant (D:4)
3 creatures vanquished.

Grand Total: 138 creatures vanquished

Notes
Turn   | Place    | Note
-------+----------+-------------------------------------------
     0 | D:1      | GreatBamboolord the Kobold Gladiator began the quest for
                  | the Orb.
     0 | D:1      | Reached XP level 1. HP: 12/12 MP: 1/1
   165 | D:1      | Reached XP level 2. HP: 13/17 MP: 2/2
   434 | D:1      | Reached skill level 1 in Stealth
   503 | D:1      | Reached XP level 3. HP: 21/21 MP: 3/3
   727 | D:1      | Reached skill level 5 in Short Blades
  2062 | D:3      | Reached XP level 4. HP: 18/27 MP: 4/4
  2139 | D:3      | Noticed Ijyb
  2181 | D:3      | Killed Ijyb
  2389 | D:3      | Reached XP level 5. HP: 31/31 MP: 5/5
  2407 | D:3      | Found a faded altar of an unknown god.
  3015 | D:4      | Reached skill level 6 in Short Blades
  3642 | D:5      | Entered Level 5 of the Dungeon
  3684 | D:5      | Found a shimmering blue altar of Sif Muna.
  3730 | D:5      | Reached skill level 5 in Dodging
  3730 | D:5      | Reached XP level 6. HP: 29/36 MP: 6/6
  3799 | D:5      | Noticed Menkaure
  3815 | D:5      | Killed Menkaure
  3816 | D:5      | Reached skill level 1 in Armour
  3816 | D:5      | Reached XP level 7. HP: 8/41 MP: 7/7
  3956 | D:5      | Noticed Grinder
  3960 | D:5      | Paralysed by Grinder for 4 turns
  3980 | D:5      | Killed Grinder
  3981 | D:5      | Reached skill level 7 in Short Blades
  4065 | D:5      | Found a staircase to the Ecumenical Temple.
  4073 | Temple   | Entered the Ecumenical Temple
  4399 | D:5      | Reached skill level 8 in Short Blades
  4399 | D:5      | Reached XP level 8. HP: 42/48 MP: 8/8
  4489 | D:5      | Reached skill level 5 in Stealth
  4658 | D:5      | Found a snail-covered altar of Cheibriados.
  4775 | D:5      | Found an iron altar of Okawaru.
  5293 | D:6      | Found a glowing golden altar of the Shining One.
  5383 | D:6      | Reached skill level 9 in Short Blades
  5715 | D:6      | Identified the +2 robe of Demons {Contam Fly Will+}
  5805 | D:6      | Found a shimmering altar of Xom.
  5838 | D:6      | Noticed Edmund
  5842 | D:6      | Killed Edmund
  5843 | D:6      | Reached skill level 1 in Evocations
  5843 | D:6      | Reached XP level 9. HP: 52/52 MP: 9/9
  6083 | D:7      | Found a stormy altar of Qazlal.
  6207 | D:7      | Reached skill level 10 in Short Blades
  6224 | D:7      | Found a burning altar of Makhleb.
  6306 | D:7      | Reached skill level 5 in Fighting
  6596 | D:7      | Noticed Joseph
  6718 | D:7      | Noticed a two-headed ogre
  6820 | D:7      | Slain by a two-headed ogre

Illustrated notes

Levels and vault maps discovered:
D:1:      dpeg_arrival_circle_labyrinth_c, layout_loops_ring,
          minmay_misc_feat_rugged
D:2:      layout_basic, minmay_pentomino_x2
D:3:      layout_rooms, shapermc_ecumenical_altar_starsandcircs,
          chequers_avenue, uniq_ijyb
D:4:      layout_cave_pools, saegor_snake_ambush
D:5:      layout_cave_pools, lemuel_round_altar, slow_altar_2,
          hellmonk_okawaru_the_only_friend_you_need, minmay_temple_entry_waves,
          uniq_grinder, uniq_menkaure
D:6:      layout_loops_corners, tso_oasis_becter, mainiacjoe_overflow_boulevard,
          small_statue_intersection, uniq_edmund
D:7:      layout_basic, bloody_makhleb, mainiacjoe_overflow_small_starburst,
          lemuel_doored_altar, lemuel_flamethrower_2, uniq_joseph,
          uniq_prince_ribbit1
Temple:   nicolae_temple_bog_church

Skill      XL: |  1  2  3  4  5  6  7  8  9 |
---------------+----------------------------+-----
Dodging        | 4 5 6 7 |  7.0
Stealth        | 1 2 3 4 6 |  6.9
Short Blades   | 5 6 8 9 10 | 10.4
Fighting       | 3 4 5 |  5.0
Armour         | 1 2 |  2.6
Evocations     | 1 2 |  2.2
Throwing       | |  2.1

Action                   |  1- 3 |  4- 6 |  7- 9 || total
-------------------------+-------+-------+-------++-------
Melee: Rapier            |   107 |   194 |   292 ||   593
       Punch             |     1 |     1 |     4 ||     6
       Unarmed           |       |    29 |       ||    29
Throw: Throwing net      |       |       |     2 ||     2
Evoke: Wand              |       |       |     3 ||     3
  Use: Potion            |       |     2 |     1 ||     3
       Scroll            |       |       |     7 ||     7
 Stab: Sleeping          |    12 |    10 |    16 ||    38
Armor: Leather armour    |    25 |    46 |    55 ||   126
       Skin              |       |     5 |       ||     5
Dodge: Dodged            |    77 |   154 |   198 ||   429

Table legend: (Time is in decaauts)
 A = Elapsed time spent in this place.
 B = Non-inter-level travel time spent in this place.
 C = Inter-level travel time spent in this place.
 D = Time resting spent in this place.
 E = Time spent auto-exploring this place.
 F = Levels seen in this place.
 G = Mean time per level.
                   A        B        C        D        E       F      G
               +--------+--------+--------+--------+--------+-----+--------+
         Total |   6767 |   6420 |    347 |    377 |   4896 |   8 |  845.9 |
       Dungeon |   6468 |   6143 |    325 |    377 |   4625 |   7 |  924.0 |
        Temple |    298 |    276 |     22 |      0 |    270 |   1 |  298.0 |
               +--------+--------+--------+--------+--------+-----+--------+

Top non-repeatable levels by time:
     D:6: 1482 daAuts
     D:1: 1257 daAuts
     D:5: 881 daAuts
     D:3: 808 daAuts
     D:4: 808 daAuts
     D:2: 765 daAuts
     D:7: 465 daAuts
  Temple: 298 daAuts
